 Dungeon Crawl Stone Soup version 0.32-a0-131-g9dbbe29261 (webtiles) character file.

Game seed: 7223985507454115437

63 PriceMaster the Firebug (level 4, -1/27 HPs)
             Began as an Octopode Fire Elementalist on Feb 8, 2024.
             Was an Initiate of the Shining One.
             Engulfed by a cloud of steam (9 damage)
             ... in a sewer.
             The game lasted 00:03:07 (1908 turns).

PriceMaster the Firebug (OpFE)                      Turns: 1908, Time: 00:03:08

Health: -1/27      AC:  1    Str:  7    XL:     4   Next: 10%
Magic:  0/7        EV: 10    Int: 19    God:    the Shining One [......]
Gold:   142        SH:  0    Dex: 12    Spells: 1/7 levels left

rFire   . . .        b - +0 rapier
rCold   . . .        (no shield)
rNeg    . . .        (helmet restricted)
rPois   .            (no amulet)
rElec   .            (no ring)
rCorr   .            (no ring)
SInv    .            (no ring)
Will    .....        (no ring)
Stlth   ++           (no ring)
HPRegen 0.24/turn    (no ring)
MPRegen 0.10/turn    (no ring)
                     (no ring)

%: no passive effects
@: lethally poisoned (-1 -> -5), glowing, constricted
A: almost no armour, amphibious, 8 rings, camouflage 1, gelatinous body 1,
nimble swimmer 1, tentacles
a: Renounce Religion


You were in a sewer.
You worshipped the Shining One.
The Shining One was noncommittal.
You visited 1 branch of the dungeon, and saw 3 of its levels.
You also visited: Sewer.

You collected 142 gold pieces.

Inventory:

Hand Weapons
 b - a +0 rapier (weapon)
Scrolls
 f - a scroll of noise {unknown}
 g - a scroll of fear {unknown}
 i - a scroll of enchant armour {unknown}
Potions
 a - a potion of magic
 c - 2 potions of lignification {unknown}
 d - a potion of might {unknown}
 e - a potion of mutation {unknown}
 h - a potion of enlightenment {unknown}


   Skills:
 + Level 0.8 Fighting
 + Level 2.1 Dodging
 + Level 3.4 Stealth
 + Level 2.3 Spellcasting
 + Level 1.1 Conjurations
 + Level 3.9 Fire Magic


You had one spell level left.
You knew the following spells:

 Your Spells              Type           Power      Damage    Failure   Level
a - Foxfire               Conj/Fire      44%        2x1d6     6%          1
b - Scorch                Fire           34%        2d6       4%          2
c - Inner Flame           Hex/Fire       9%         N/A       22%         3

Your spell library contained the following spells:

 Spells                   Type           Power      Damage    Failure   Level
 Sandblast                Erth           4%         2d4       16%         1
 Volatile Blastmotes      Fire/Tloc      18%        2d11      22%         3
 Stone Arrow              Conj/Erth      8%         3d7       36%         3
 Passwall                 Erth           2%         N/A       43%         3
 Flame Wave               Conj/Fire      11%        2d6       50%         4
 Brom's Barrelling Bould  Conj/Erth      4%         2d3       78%         4


Dungeon Overview and Level Annotations

Branches:
Dungeon (3/15)              Sewer (1/1)

Altars:
The Shining One


Innate Abilities, Weirdness & Mutations

You cannot wear most types of armour.
You are amphibious.
You can wear up to eight rings at the same time.
Your skin changes colour to match your surroundings (Stealth+).
Your rubbery body absorbs attacks. (AC +1, EV +1)
You are camouflaged when in or above water. (Stealth+)
You have tentacles for arms and can constrict up to eight enemies at once.


Message History

Confirm with . or Enter, or press ? or * to list all spells.
You conjure some foxfire!
You enter the shallow water.
The foxfire hits the endoplasm.
The endoplasm explodes!
The fiery explosion engulfs your foxfire.
Your foxfire completely resists.
Your foxfire dissipates!
You enter the shallow water.
You enter the shallow water.
An adder comes into view.
A ball python comes into view.
The ball python hisses angrily.
You enter the shallow water.
Casting: Foxfire (safe; 6% risk of failure)
Confirm with . or Enter, or press ? or * to list all spells.
You conjure some foxfire!
The adder barely misses you.
You closely miss the adder. You grab the adder. Your squeeze misses the adder.
You constrict the adder.
The foxfire hits the adder but does no damage.
The adder is lightly wounded.
The foxfire hits the adder.
The adder is heavily wounded.
The adder bites you.
You are poisoned.
The adder poisons you! The ball python barely misses you.
The ball python closely misses you.
You hit the adder.
You squeeze the adder, but do no damage.
The adder is severely wounded.
You are engulfed in a cloud of scalding steam.
You constrict the adder.
You feel sick. The adder bites you. The ball python bites you.
The ball python completely misses you. The adder completely misses you.
The ball python bites you.
* * * LOW HITPOINT WARNING * * *
The ball python grabs you. The ball python constricts you.
Okay, then.
You hit the adder.
You kill the adder!
You are engulfed in a cloud of scalding steam.
You die...

~...~..∩..~.~..~#
~.~~......~~...~##
..~~...~~.~.~.~..#
.##~..~~...~##~..
##~~.~~.~##
#~.~.~~~##
#.~~.~.~~.###
..~..~~~~~.○~##
~~..#####†@.~~#
~~.# ##S.~§# ~.#
##.~~# ~. #...#
#.†.# ##~~.##
#~~~~~# #~###~# #~
#.#


You could see a ball python.

Vanquished Creatures
  2 adders
  A river rat (Sewer)
  A ribbon worm (D:3)
  A dart slug (D:2)
  6 endoplasms
  3 giant cockroaches
  A goblin (D:2)
  3 hobgoblins
  2 kobolds (D:1)
  5 quokkas
  6 bats
  2 frilled lizards
  5 rats
38 creatures vanquished.

Vanquished Creatures (others)
  31 foxfires
31 creatures vanquished.

Grand Total: 69 creatures vanquished

Notes
Turn   | Place    | Note
-------+----------+-------------------------------------------
     0 | D:1      | PriceMaster the Octopode Fire Elementalist began the quest
                  | for the Orb.
     0 | D:1      | Reached XP level 1. HP: 11/11 MP: 3/3
    62 | D:1      | Found a faded altar of an unknown god.
   263 | D:1      | Reached XP level 2. HP: 13/17 MP: 5/5
   266 | D:1      | Learned a level 2 spell: Scorch
   891 | D:2      | Reached XP level 3. HP: 21/21 MP: 3/6
   895 | D:2      | Learned a level 3 spell: Inner Flame
  1261 | D:2      | Found a glowing golden altar of the Shining One.
  1488 | D:2      | Became a worshipper of the Shining One
  1810 | D:3      | Found a glowing drain.
  1814 | Sewer    | Entered a sewer
  1888 | Sewer    | Reached XP level 4. HP: 27/27 MP: 0/7
  1908 | Sewer    | Engulfed by a cloud of steam

Illustrated notes

Levels and vault maps discovered:
D:1:      dpeg_arrival_lava_temple_mockup, layout_rooms,
          chequers_ecumenical_altar_island, dk_noncrumbling_4
D:2:      layout_basic, basic_altar
D:3:      layout_basic, gup_sewer_entry_spiral, kennysheep_nondescript,
          nicolae_goblin_pals
Sewer:    sewer_co_tree

Skill      XL: |  1  2  3 |
---------------+----------+-----
Stealth        | 3 |  3.4
Fighting       | |  0.8
Dodging        | |  2.1
Spellcasting   | |  2.3
Conjurations   | |  1.1
Fire Magic     | |  3.9

Action                     |  1- 3 |  4- 6 || total
---------------------------+-------+-------++-------
  Melee: Rapier            |    40 |     3 ||    43
         Constrict         |    11 |     1 ||    12
         Tentacles         |     7 |     1 ||     8
         Punch             |     1 |       ||     1
   Cast: Foxfire           |    18 |     2 ||    20
         Scorch            |    10 |       ||    10
         Inner Flame       |     3 |       ||     3
   Stab: Sleeping          |     4 |       ||     4
 Armour: Skin              |    16 |     6 ||    22
  Dodge: Dodged            |    27 |     5 ||    32

Table legend: (Time is in decaauts)
 A = Elapsed time spent in this place.
 B = Non-inter-level travel time spent in this place.
 C = Inter-level travel time spent in this place.
 D = Time resting spent in this place.
 E = Time spent auto-exploring this place.
 F = Levels seen in this place.
 G = Mean time per level.
                   A        B        C        D        E       F      G
               +--------+--------+--------+--------+--------+-----+--------+
         Total |   1915 |   1860 |     55 |      3 |   1486 |   4 |  478.8 |
       Dungeon |   1820 |   1765 |     55 |      3 |   1428 |   3 |  606.7 |
         Sewer |     94 |     94 |      0 |      0 |     58 |   1 |   94.0 |
               +--------+--------+--------+--------+--------+-----+--------+

Top non-repeatable levels by time:
     D:2: 1043 daAuts
     D:1: 465 daAuts
     D:3: 312 daAuts
   Sewer: 94 daAuts
